IL
EL PASO CHIHUAHUAS @ LAS VEGAS 51S
09/25/2046
 
TOP OF THE 1ST
El Paso Chihuahuas batting - Pitching for Las Vegas 51s : RHP Austin Kuhn
Pitching: RHP Austin Kuhn
Batting: LHB Joseph Martin 0-0: Called Strike
0-1: Ground out 4-3 (Groundball, 34D, EV 105.0 MPH)
Batting: RHB Kiril Emeshin 0-0: Swinging Strike
0-1: Swinging Strike
0-2: Strikes out swinging
Batting: LHB Chris Moody 0-0: Called Strike
0-1: Ball
1-1: Ball
2-1: Called Strike
2-2: Foul Ball, location: 2F
2-2: Ball
3-2: Foul Ball, location: 2F
3-2: Foul Ball, location: 2F
3-2: Ground out 4-3 (Groundball, 4, EV 85.6 MPH)
Top of the 1st over - 0 runs, 0 hits, 0 errors, 0 left on base; El Paso 0 - Las Vegas 0
BOTTOM OF THE 1ST
Las Vegas 51s batting - Pitching for El Paso Chihuahuas : RHP Sean Rice
Pitching: RHP Sean Rice
Batting: LHB Jose Chavez 0-0: SINGLE (Groundball, 34D, EV 102.5 MPH)
Batting: SHB Jason Evans 0-0: Ball
1-0: Called Strike
1-1: Grounds into double play, 4-6-3 (Groundball, 4, EV 90.6 MPH)
Batting: RHB Josh Jones 0-0: Ball
1-0: Foul Ball, location: 2F
1-1: Called Strike
1-2: Foul Ball, location: 2F
1-2: Ball
2-2: Foul Ball, location: 2F
2-2: Foul Ball, location: 2F
2-2: Strikes out looking
Bottom of the 1st over - 0 runs, 1 hit, 0 errors, 0 left on base; El Paso 0 - Las Vegas 0
TOP OF THE 2ND
El Paso Chihuahuas batting - Pitching for Las Vegas 51s : RHP Austin Kuhn
Batting: RHB Antonio Medina 0-0: Called Strike
0-1: Ball
1-1: Ball
2-1: Swinging Strike
2-2: Strikes out swinging
Batting: SHB Troy Maynard 0-0: Ball
1-0: Foul Ball, location: 2F
1-1: SINGLE (Groundball, 6S, EV 68.8 MPH) (infield hit)
Batting: RHB Rodolfo Rivera 0-0: Grounds into double play, 4-6-3 (Groundball, 4, EV 80.6 MPH)
Top of the 2nd over - 0 runs, 1 hit, 0 errors, 0 left on base; El Paso 0 - Las Vegas 0
BOTTOM OF THE 2ND
Las Vegas 51s batting - Pitching for El Paso Chihuahuas : RHP Sean Rice
Batting: RHB Masaya Nakamura 0-0: Ground out 5-3 (Groundball, 56, EV 83.1 MPH)
Batting: RHB Mike Phillips 0-0: Called Strike
0-1: Foul Ball, location: 2F
0-2: Ball
1-2: Foul Ball, location: 2F
1-2: Ball
2-2: SINGLE (Groundball, 34D, EV 99.4 MPH)
Batting: RHB Larry Shoop 0-0: Ball
Mike Phillips steals 2nd base
1-0: Fly out, F9 (Flyball, 9D, EV 90.0 MPH)
Runner from 2nd tags up, SAFE at 3rd, no throw by RF
Batting: RHB Bobby Mabrey 0-0: Called Strike
0-1: Ball
1-1: Ball
2-1: Swinging Strike
2-2: Ball
3-2: Base on Balls
Batting: RHB Gang-sheng Chew 0-0: Fielders Choice at 2nd, 5-4 (Groundball, 5, EV 106.9 MPH)
Bottom of the 2nd over - 0 runs, 1 hit, 0 errors, 2 left on base; El Paso 0 - Las Vegas 0
TOP OF THE 3RD
El Paso Chihuahuas batting - Pitching for Las Vegas 51s : RHP Austin Kuhn
Batting: SHB Jamie Roberts 0-0: Called Strike
0-1: Foul Ball, location: 2F
0-2: Ball
1-2: Foul Ball, location: 2F
1-2: Foul Ball, location: 2F
1-2: Ball
2-2: Strikes out swinging
Batting: RHB Dan Grable 0-0: Ball
1-0: Ball
2-0: Ball
3-0: Base on Balls
Batting: RHB Tim Seggerman 0-0: Ball
1-0: Foul Ball, location: 2F
1-1: Ball
2-1: Foul Ball, location: 2F
2-2: Foul Ball, location: 2F
2-2: Ball
3-2: Foul Ball, location: 2F
3-2: Foul Ball, location: 2F
3-2: TRIPLE (Flyball, 78XD, EV 97.5 MPH)
Dan Grable scores
Batting: LHB Joseph Martin 0-0: Called Strike
0-1: Swinging Strike
0-2: Strikes out looking
Batting: RHB Kiril Emeshin 0-0: Ball
1-0: Ball
2-0: Ground out 5-3 (Groundball, 56, EV 96.2 MPH)
Top of the 3rd over - 1 run, 1 hit, 0 errors, 1 left on base; El Paso 1 - Las Vegas 0
BOTTOM OF THE 3RD
Las Vegas 51s batting - Pitching for El Paso Chihuahuas : RHP Sean Rice
Batting: LHB Elmo Dreier 0-0: Ball
1-0: Ball
2-0: Foul Ball, location: 2F
2-1: Called Strike
2-2: SINGLE (Line Drive, 6M, EV 96.2 MPH)
Batting: LHB Jose Chavez 0-0: Foul Ball, location: 2F
0-1: Foul Ball, location: 2F
0-2: Strikes out swinging
Batting: SHB Jason Evans 0-0: Ball
1-0: Ball
2-0: Foul Ball, location: 2F
2-1: Ball
3-1: Fly out, F5 (Line Drive, 5, EV 74.4 MPH)
Batting: RHB Josh Jones 0-0: Ball
1-0: Ball
2-0: Called Strike
2-1: SINGLE (Line Drive, 8RS, EV 103.1 MPH)
Elmo Dreier to second
Batting: RHB Masaya Nakamura 0-0: Called Strike
0-1: Called Strike
0-2: Ball
1-2: Strikes out looking
Bottom of the 3rd over - 0 runs, 2 hits, 0 errors, 2 left on base; El Paso 1 - Las Vegas 0
TOP OF THE 4TH
El Paso Chihuahuas batting - Pitching for Las Vegas 51s : RHP Austin Kuhn
Batting: LHB Chris Moody 0-0: Foul Ball, location: 2F
0-1: Ball
1-1: Foul Ball, location: 2F
1-2: SINGLE (Groundball, 34D, EV 111.9 MPH)
Batting: RHB Antonio Medina 0-0: Ball
1-0: Called Strike
1-1: Called Strike
Chris Moody steals 2nd base
1-2: Strikes out swinging
Batting: SHB Troy Maynard 0-0: Ball
1-0: Foul Ball, location: 2F
1-1: Swinging Strike
1-2: SINGLE (Groundball, 56S, EV 68.1 MPH) (infield hit)
Chris Moody to third
Batting: RHB Rodolfo Rivera 0-0: Ball
1-0: Ground out 5-3 (Groundball, 56S, EV 70.0 MPH)
Chris Moody scores
Troy Maynard to second
Batting: SHB Jamie Roberts 0-0: Ball
1-0: Ball
2-0: Swinging Strike
2-1: Ball
Wild Pitch!
Troy Maynard to third
3-1: Base on Balls
Batting: RHB Dan Grable 0-0: Hit by Pitch
Jamie Roberts to second
Batting: RHB Tim Seggerman 0-0: Ground out U3 (Groundball, 34, EV 88.8 MPH)
Top of the 4th over - 1 run, 2 hits, 0 errors, 3 left on base; El Paso 2 - Las Vegas 0
BOTTOM OF THE 4TH
Las Vegas 51s batting - Pitching for El Paso Chihuahuas : RHP Sean Rice
Batting: RHB Mike Phillips 0-0: Foul Ball, location: 2F
0-1: Fly out, F9 (Flyball, 9S, EV 98.1 MPH)
Batting: RHB Larry Shoop 0-0: Ball
1-0: Called Strike
1-1: Ball
2-1: Called Strike
2-2: Strikes out swinging
Batting: RHB Bobby Mabrey 0-0: Called Strike
0-1: Ball
1-1: Ball
2-1: Ball
3-1: SOLO HOME RUN (Flyball, 7D, EV 98.1 MPH), Distance : 386 ft
Batting: RHB Gang-sheng Chew 0-0: Called Strike
0-1: Called Strike
0-2: SINGLE (Line Drive, 7S, EV 86.9 MPH)
Batting: LHB Elmo Dreier 0-0: SINGLE (Groundball, 34D, EV 108.1 MPH)
Gang-sheng Chew to second
Throwing error, E9
Gang-sheng Chew scores
Elmo Dreier to second
Batting: LHB Jose Chavez 0-0: Ball
1-0: Foul Ball, location: 2F
1-1: Called Strike
1-2: 2-RUN HOME RUN (Flyball, 9LD, EV 92.5 MPH), Distance : 347 ft
Batting: SHB Jason Evans 0-0: Ball
1-0: Called Strike
1-1: Called Strike
1-2: Foul Ball, location: 2F
1-2: Fly out, F7 (Flyball, 7S, EV 78.8 MPH)
Bottom of the 4th over - 4 runs, 4 hits, 1 error, 0 left on base; El Paso 2 - Las Vegas 4
TOP OF THE 5TH
El Paso Chihuahuas batting - Pitching for Las Vegas 51s : RHP Austin Kuhn
Batting: LHB Joseph Martin 0-0: Ball
1-0: Called Strike
1-1: Ground out 4-3 (Groundball, 4, EV 83.1 MPH)
Batting: RHB Kiril Emeshin 0-0: Ball
1-0: Ball
2-0: Ball
3-0: Called Strike
3-1: Base on Balls
Batting: LHB Chris Moody 0-0: Ball
1-0: Ball
2-0: Ball
3-0: Base on Balls
Kiril Emeshin to second
Pitching: LHP Zachary DeVault
Batting: RHB Antonio Medina 0-0: Ball
1-0: Ground out 5-3 (Groundball, 56S, EV 73.1 MPH)
Kiril Emeshin to third
Chris Moody to second
Batting: SHB Troy Maynard 0-0: Ball
1-0: Ball
2-0: Called Strike
2-1: Ground out U3 (Groundball, 34, EV 96.9 MPH)
Top of the 5th over - 0 runs, 0 hits, 0 errors, 2 left on base; El Paso 2 - Las Vegas 4
BOTTOM OF THE 5TH
Las Vegas 51s batting - Pitching for El Paso Chihuahuas : RHP Sean Rice
Batting: RHB Josh Jones 0-0: Ball
1-0: Ball
2-0: Ball
3-0: Called Strike
3-1: Called Strike
3-2: Fly out, F7 (Flyball, 7LM, EV 76.2 MPH)
Batting: RHB Masaya Nakamura 0-0: SINGLE (Groundball, 6M, EV 83.8 MPH) (infield hit)
Batting: RHB Mike Phillips 0-0: Ball
1-0: Ball
2-0: Called Strike
2-1: Ball
3-1: Swinging Strike
3-2: Strikes out swinging
Batting: RHB Larry Shoop 0-0: Ball
1-0: 2-RUN HOME RUN (Flyball, 89XD, EV 104.4 MPH), Distance : 396 ft
Pitching: RHP Shuuhei Watanabe
Batting: RHB Bobby Mabrey 0-0: DOUBLE (Groundball, 5L, EV 101.9 MPH)
Batting: RHB Gang-sheng Chew 0-0: Swinging Strike
0-1: Swinging Strike
0-2: Ball
1-2: Strikes out swinging
Bottom of the 5th over - 2 runs, 3 hits, 0 errors, 1 left on base; El Paso 2 - Las Vegas 6
TOP OF THE 6TH
El Paso Chihuahuas batting - Pitching for Las Vegas 51s : LHP Zachary DeVault
Batting: RHB Rodolfo Rivera 0-0: Foul Ball, location: 2F
0-1: Ball
1-1: Ball
2-1: Swinging Strike
2-2: Ball
3-2: Strikes out looking
Batting: SHB Jamie Roberts 0-0: Called Strike
0-1: Ball
1-1: Swinging Strike
1-2: Ball
2-2: Ground out 6-3 (Groundball, 6, EV 84.4 MPH)
Batting: RHB Dan Grable 0-0: Called Strike
0-1: Swinging Strike
0-2: Strikes out swinging
Top of the 6th over - 0 runs, 0 hits, 0 errors, 0 left on base; El Paso 2 - Las Vegas 6
BOTTOM OF THE 6TH
Las Vegas 51s batting - Pitching for El Paso Chihuahuas : RHP Shuuhei Watanabe
Batting: LHB Elmo Dreier 0-0: Ball
1-0: Ground out 4-3 (Groundball, 4, EV 103.8 MPH)
Batting: LHB Jose Chavez 0-0: Foul Ball, location: 2F
0-1: Ball
1-1: Ball
2-1: Ball
3-1: Called Strike
3-2: Strikes out swinging
Batting: SHB Jason Evans 0-0: Foul Ball, location: 2F
0-1: Swinging Strike
0-2: Ball
1-2: Strikes out swinging
Bottom of the 6th over - 0 runs, 0 hits, 0 errors, 0 left on base; El Paso 2 - Las Vegas 6
TOP OF THE 7TH
El Paso Chihuahuas batting - Pitching for Las Vegas 51s : LHP Zachary DeVault
Batting: RHB Tim Seggerman 0-0: Ball
1-0: Ground out 1-3 (Groundball, 13, EV 76.9 MPH)
Batting: LHB Joseph Martin 0-0: Ball
1-0: Ball
2-0: Ball
3-0: Called Strike
3-1: Foul Ball, location: 2F
3-2: Foul Ball, location: 2F
3-2: Base on Balls
Batting: RHB Kiril Emeshin 0-0: Ball
Wild Pitch!
Joseph Martin to second
1-0: Called Strike
1-1: Ball
2-1: Called Strike
2-2: Strikes out looking
Batting: LHB Chris Moody 0-0: Ball
1-0: Foul Ball, location: 2F
1-1: Ball
2-1: Ground out 4-3 (Groundball, 4, EV 103.8 MPH)
Top of the 7th over - 0 runs, 0 hits, 0 errors, 1 left on base; El Paso 2 - Las Vegas 6
BOTTOM OF THE 7TH
Las Vegas 51s batting - Pitching for El Paso Chihuahuas : RHP Shuuhei Watanabe
Batting: RHB Josh Jones 0-0: Called Strike
0-1: Called Strike
0-2: Ball
1-2: Strikes out swinging
Batting: RHB Masaya Nakamura 0-0: Fly out, F3 (Popup, 3L, EV 83.8 MPH)
Batting: RHB Mike Phillips 0-0: Swinging Strike
0-1: Called Strike
0-2: SINGLE (Groundball, 56D, EV 110.0 MPH)
Batting: RHB Larry Shoop 0-0: Called Strike
0-1: Ball
1-1: Fielders Choice at 2nd, U4 (Groundball, 4M, EV 100.6 MPH)
Bottom of the 7th over - 0 runs, 1 hit, 0 errors, 1 left on base; El Paso 2 - Las Vegas 6
TOP OF THE 8TH
El Paso Chihuahuas batting - Pitching for Las Vegas 51s : LHP Zachary DeVault
Pitching: RHP Leo Burgos
Batting: RHB Antonio Medina 0-0: Swinging Strike
0-1: Swinging Strike
0-2: Ball
1-2: Strikes out swinging
Batting: SHB Troy Maynard 0-0: Ground out 5-3 (Groundball, 56, EV 96.9 MPH)
Batting: RHB Rodolfo Rivera 0-0: TRIPLE (Flyball, 89XD, EV 98.1 MPH)
Batting: SHB Jamie Roberts 0-0: Hit by Pitch
Batting: RHB Dan Grable 0-0: Foul Ball, location: 2F
0-1: SINGLE (Line Drive, 7S, EV 93.8 MPH)
Rodolfo Rivera scores
Jamie Roberts to second
Batting: RHB Tim Seggerman 0-0: Ball
1-0: Ball
2-0: Ball
3-0: Base on Balls
Jamie Roberts to third
Dan Grable to second
Pitching: LHP Steve Kelly
Pinch Hitting: RHB Itsuo Yoshioka 0-0: Ball
1-0: Foul Ball, location: 2F
1-1: Called Strike
1-2: Ball
2-2: Foul Ball, location: 2F
2-2: Strikes out swinging
Top of the 8th over - 1 run, 2 hits, 0 errors, 3 left on base; El Paso 3 - Las Vegas 6
BOTTOM OF THE 8TH
Las Vegas 51s batting - Pitching for El Paso Chihuahuas : RHP Shuuhei Watanabe
Now in LF: Doug Barr
Batting: RHB Bobby Mabrey 0-0: Foul Ball, location: 2F
0-1: Called Strike
0-2: Ball
1-2: Ball
2-2: Ball
3-2: SINGLE (Line Drive, 8LS, EV 91.9 MPH)
Batting: RHB Gang-sheng Chew 0-0: Ball
1-0: Ball
2-0: Called Strike
2-1: Swinging Strike
2-2: Ball
3-2: Base on Balls
Bobby Mabrey to second
Batting: LHB Elmo Dreier 0-0: Bunt missed!
0-1: Bunted foul
0-2: Ground out 3-1 (Groundball, 13, EV 83.1 MPH)
Bobby Mabrey to third
Gang-sheng Chew to second
Pitching: RHP Carlos Sepulveda
Batting: LHB Jose Chavez 0-0: Fly out, F7 (Line Drive, 7LM, EV 85.6 MPH)
Runner from 3rd tags up, SCORES, throw by LF
Batting: SHB Jason Evans 0-0: Fly out, F7 (Flyball, 7LM, EV 108.8 MPH)
Bottom of the 8th over - 1 run, 1 hit, 0 errors, 1 left on base; El Paso 3 - Las Vegas 7
TOP OF THE 9TH
El Paso Chihuahuas batting - Pitching for Las Vegas 51s : LHP Steve Kelly
Batting: RHB Kiril Emeshin 0-0: Ball
1-0: Swinging Strike
1-1: Ball
2-1: Ball
3-1: Foul Ball, location: 2F
3-2: Strikes out looking
Batting: LHB Chris Moody 0-0: Foul Ball, location: 2F
0-1: Ball
1-1: Swinging Strike
1-2: Ball
2-2: Ball
3-2: Strikes out swinging
Batting: RHB Antonio Medina 0-0: Called Strike
0-1: Ball
1-1: Foul Ball, location: 2F
1-2: Ground out 6-3 (Groundball, 6, EV 104.4 MPH)
Top of the 9th over - 0 runs, 0 hits, 0 errors, 0 left on base; El Paso 3 - Las Vegas 7
Tuesday, September 13th , 2022 - OOTP Baseball 23.7 Build 88